 Dungeon Crawl Stone Soup version 0.21.1-1-g345015f (webtiles) character file.

101 sking99 the Chopper (level 4, 0/41 HPs)
             Began as a Hill Orc Monk on June 30, 2018.
             Was a Believer of Beogh.
             Slain by a bat (1 damage)
             ... on level 3 of the Dungeon.
             The game lasted 00:08:47 (3456 turns).

sking99 the Chopper (Hill Orc Monk)                 Turns: 3456, Time: 00:08:49

Health: 0/41       AC:  2    Str: 14    XL:     4   Next: 75%
Magic:  3/4        EV: 13    Int: 15    God:    Beogh [**....]
Gold:   169        SH:  0    Dex: 13    Spells: 3/3 levels left

rFire    . . .     SeeInvis .   a - +0 hand axe
rCold    . . .     Gourm    .   (no shield)
rNeg     . . .     Faith    .   q - +0 robe
rPois    .         Spirit   .   (no helmet)
rElec    .         Reflect  .   (no cloak)
rCorr    .         Harm     .   (no gloves)
MR       .....                  (no boots)
Stlth    ++........             (no amulet)
HPRegen  0.13/turn              (no ring)
MPRegen  0.09/turn              (no ring)

@: brilliant
A: no striking features
a: Smiting, Renounce Religion


You were on level 3 of the Dungeon.
You worshipped Beogh.
Beogh was pleased with you.
You were not hungry.

You visited 1 branch of the dungeon, and saw 3 of its levels.

You collected 169 gold pieces.

Inventory:

Hand Weapons
 a - a +0 hand axe (weapon)
 b - a +0 hunting sling
Missiles
 j - 98 stones (quivered)
Armour
 q - a +0 robe (worn)
Jewellery
 m - an uncursed ring of ice {unknown}
 p - an uncursed ring of resist corrosion {unknown}
 r - a cursed -2 ring of protection {unknown}
Scrolls
 e - 6 scrolls of remove curse {unknown}
 g - 3 scrolls of identify {unknown}
 h - 3 scrolls of teleportation {unknown}
 i - a scroll of random uselessness {unknown}
 o - a scroll of magic mapping {unknown}
Potions
 d - a potion of brilliance
 f - a potion of invisibility {unknown}
 k - a potion of degeneration {unknown}
 l - a potion of agility {unknown}
 n - a potion of lignification {unknown}
 t - a potion of might {unknown}
Comestibles
 c - 4 rations
 s - 3 chunks of flesh


   Skills:
 + Level 4.7 Fighting
 * Level 6.2 Axes
 - Level 2.4 Dodging
 - Level 1.5 Stealth


You had 3 spell levels left.
You didn't know any spells.

Dungeon Overview and Level Annotations

Branches:
Dungeon (3/15)

Altars:

Annotations:
D:2 Sigmund
D:3 Natasha


Message History

The bat hits you but does no damage. The bat misses you.
The bat completely misses you. The bat hits you but does no damage.
The bat hits you.
* * * LOW HITPOINT WARNING * * *
The bat hits you but does no damage. The bat misses you.
The bat closely misses you. The bat closely misses you. x2
Some of the chunks of flesh in your inventory have rotted away.
The bat barely misses you. The bat closely misses you. The bat hits you.
* * * LOW HITPOINT WARNING * * *
It was a potion of brilliance.
You feel clever all of a sudden. The bat barely misses you.
The bat hits you but does no damage. The bat hits you.
You die...

....................#
...
.##......##.........#
#..
.........###........#
#..
.###.....#..........#
#5 ##......#....<...#
#5 . #.#..###........#
#h . #.....).........#
#. . #.#..##..###b#.##
#####.
.####...........@#.#
#.5.5h
.........##..#####5#
#.#### ......#####..#
#.#########.####
...#### #..#
#.5.5.5......... .....#
#..#####..########.####
...#.# #...o.......#
#.# .o.#.# #.
########.# #.# ...#.##
#. #.# #.# ......###o#
######.##### #.#


You could see a bat.

Vanquished Creatures
  4 adders (D:2)
  2 dart slugs
  A leopard gecko (D:2)
  An orc (D:3)
  4 bats
  A giant cockroach (D:2)
  4 goblins
  8 hobgoblins
  8 jackals
  10 kobolds
  A quokka (D:2)
  A ball python (D:2)
  6 frilled lizards
  9 rats
60 creatures vanquished.

Vanquished Creatures (others)
  A leopard gecko (D:3)
  A rat (D:3)
2 creatures vanquished.

Grand Total: 62 creatures vanquished

Notes
Turn   | Place    | Note
-------+----------+-------------------------------------------
     0 | D:1      | sking99 the Hill Orc Monk began the quest for the Orb.
     0 | D:1      | Reached XP level 1. HP: 19/19 MP: 1/1
   369 | D:1      | Reached XP level 2. HP: 19/27 MP: 2/2
  1177 | D:1      | Reached skill level 5 in Axes
  1187 | D:1      | Reached XP level 3. HP: 33/33 MP: 3/3
  2221 | D:2      | Reached XP level 4. HP: 31/41 MP: 4/4
  2523 | D:2      | Reached skill level 6 in Axes
  2988 | D:2      | Noticed Sigmund
  3121 | D:3      | Became a worshipper of Beogh the Brigand
  3121 | D:3      | Reached * piety under Beogh
  3121 | D:3      | Reached ** piety under Beogh
  3409 | D:3      | Noticed Natasha
  3430 | D:3      | HP: 2/41 [bat (1)]
  3440 | D:3      | HP: 1/41 [bat (1)]
  3445 | D:3      | HP: 1/41 [bat (1)]
  3453 | D:3      | HP: 1/41 [bat (1)]
  3456 | D:3      | Slain by a bat

Skill      XL: |  1  2  3  4 |
---------------+-------------+-----
Fighting       | 4 |  4.7
Axes           | 5 6 |  6.2
Dodging        | |  2.4
Stealth        | |  1.5

Action                   |  1- 3 |  4- 6 || total
-------------------------+-------+-------++-------
Melee: Hand axe          |   150 |    50 ||   200
 Fire: Hunting sling     |     1 |    22 ||    23
Throw: Stone             |    34 |     2 ||    36
Invok: Smiting           |       |     1 ||     1
       Convert to Beogh  |       |     1 ||     1
  Use: Potion            |       |     1 ||     1
 Stab: Sleeping          |     2 |       ||     2
  Eat: Chunk             |     4 |     4 ||     8
Armor: Robe              |    33 |    18 ||    51
Dodge: Dodged            |   109 |    67 ||   176
